AoeStats
← 清远华

Nomad

510775893Analyzed
4v4 RM · 1d ago on Oct 2, 2026· 50m 52s· 8 players
Game mode
Random Map
Map size
231×231
Population
200
Speed
Normal
Resources
Standard
Victory
Conquest
Starting age
Dark Age
Ending age
Imperial Age
RankedLock teamsTeams togetherTeam positionsShared explorationLock speedFull tech treeHidden civsTurbo modeCheats
Victory
Defeat
🇫🇮 Tatars · Finland
2121
+4
🇫🇮 Ethiopians · Finland
2052
+5
🇫🇷 Georgians · France
1795
+12
🇨🇳 Slavs · China
1670
+17
🇨🇿 Inca · Czechia
1828
-13
🇨🇿 Jurchens · Czechia
1731
-9
🇨🇿 Japanese · Czechia
1720
-8
🇨🇿 Burgundians · Czechia
1703
-8
pren
4:23 Loom
13:53 Feudal Age
16:44 Double-Bit Axe
26:21 Gold Mining
30:32 Castle Age
28:44 Fletching
28:55 Fishing Lines
31:15 Wheelbarrow
31:57 Bow Saw
39:41 Padded Archer Armor
39:56 Bodkin Arrow
40:09 Crossbowman
43:05 Ballistics
44:23 Horse Collar
45:09 Sanctity
Vormit
5:00 Loom
13:20 Feudal Age
19:46 Castle Age
17:59 Forging
21:27 Double-Bit Axe
26:01 Imperial Age
25:57 Scale Mail Armor
26:20 Horse Collar
29:39 Chain Mail Armor
29:42 Squires
30:36 Iron Casting
30:59 Heavy Plow
31:16 Arson
34:41 Blast Furnace
34:24 Wheelbarrow
34:37 Conscription
35:45 Plate Mail Armor
35:12 Capped Ram
37:54 Elite Samurai
43:07 Bow Saw
43:02 Yasama
43:07 Gold Mining
44:07 Pikeman
45:01 Halberdier
51:19 Kataparuto
Antymon
5:30 Loom
14:10 Feudal Age
17:42 Castle Age
15:40 Fishing Lines
18:39 Medium Warships
19:09 Gillnets
19:44 Double-Bit Axe
21:17 Bow Saw
25:08 Horse Collar
26:04 Wheelbarrow
25:46 Scale Barding Armor
25:49 Husbandry
28:01 Chain Barding Armor
29:54 Forging
30:24 Padded Archer Armor
34:42 Imperial Age
31:59 Town Watch
33:17 Leather Archer Armor
33:18 Heavy Plow
35:08 Fletching
35:57 Ring Archer Armor
36:22 Ballistics
36:41 Siege Engineers
38:49 Bloodlines
39:16 Plate Barding Armor
38:57 Fortified Bastions
39:42 Iron Casting
41:00 Elite Steppe Lancer
42:52 Blast Furnace
48:36 Two-Man Saw
48:09 Crop Rotation
48:34 Gold Mining
50:11 Hand Cart
DanielCZ
5:20 Loom
17:31 Feudal Age
16:06 Double-Bit Axe
18:24 Bow Saw
20:23 Fletching
27:22 Castle Age
25:14 Gold Mining
25:11 Horse Collar
27:02 Wheelbarrow
28:21 Bodkin Arrow
27:47 Crossbowman
32:17 Padded Archer Armor
33:45 Elite Skirmisher
36:50 Leather Archer Armor
38:02 Ballistics
38:24 Heavy Plow
38:32 Stone Mining
40:39 Hand Cart
43:32 Imperial Age
43:03 Gold Shaft Mining
44:15 Scale Barding Armor
45:20 Chemistry
45:00 Forging
45:25 Chain Barding Armor
46:08 Husbandry
47:37 Bracer
47:40 Cavalier
48:57 Plate Barding Armor
=)Svanhilde
4:57 Loom
13:02 Feudal Age
13:46 Double-Bit Axe
17:25 Castle Age
16:51 Horse Collar
18:26 Bow Saw
24:06 Wheelbarrow
26:24 Gold Mining
27:09 Hand Cart
27:47 Stone Mining
29:48 Stone Shaft Mining
29:30 Scale Barding Armor
29:36 Forging
29:28 Treadmill Crane
32:40 Imperial Age
31:00 Scale Barding Armor
31:11 Husbandry
32:07 Chain Barding Armor
31:59 Bloodlines
32:35 Forging
32:58 Cavalier
33:15 Sappers
34:09 Conscription
34:25 Plate Barding Armor
35:01 Iron Casting
34:46 Elite Monaspa
37:40 Masonry
37:48 Guard Tower
38:59 Chemistry
38:07 Svan Towers
39:27 Keep
40:42 Heavy Plow
40:46 Arrowslits
42:05 Ballistics
43:35 Guilds
43:47 Fletching
44:57 Blast Furnace
44:29 Architecture
44:05 Siege Engineers
44:52 Coinage
44:32 Bodkin Arrow
46:02 Hoardings
45:35 Aznauri Cavalry
46:10 Theocracy
47:19 Murder Holes
47:34 Fortified Wall
48:43 Banking
Villese
12:56 Feudal Age
14:03 Double-Bit Axe
16:49 Castle Age
15:31 Fletching
17:32 Loom
17:43 Bodkin Arrow
18:48 Bow Saw
19:23 Horse Collar
25:35 Wheelbarrow
27:40 Town Watch
28:39 Hand Cart
30:28 Gold Mining
30:49 Bloodlines
30:40 Husbandry
31:33 Ballistics
33:13 Gold Shaft Mining
36:42 Imperial Age
36:02 Padded Archer Armor
36:35 Stone Mining
37:26 Bracer
38:33 Chemistry
38:20 Leather Archer Armor
39:30 Heavy Plow
39:59 Scale Barding Armor
41:11 Chain Barding Armor
42:41 Chain Barding Armor
44:23 Plate Barding Armor
44:24 Conscription
45:56 Forging
45:08 Elite Keshik
45:56 Heavy Cavalry Archer
47:28 Ring Archer Armor
48:39 Silk Armor
50:41 Siege Engineers
清远华
5:09 Loom
19:43 Feudal Age
20:23 Double-Bit Axe
24:28 Castle Age
25:26 Medium Warships
36:07 Horse Collar
38:46 Bow Saw
39:29 Wheelbarrow
40:37 Gold Mining
41:06 Town Watch
41:44 Hand Cart
42:44 Stone Mining
44:49 Gold Shaft Mining
47:02 Imperial Age
46:23 Town Patrol
46:48 Detinets
46:52 Husbandry
49:04 Two-Man Saw
48:21 Scale Barding Armor
48:26 Forging
48:08 Fletching
48:31 Bloodlines
49:37 Chain Barding Armor
49:07 Elite Boyar
50:07 Conscription
51:11 Iron Casting
TheMax
5:17 Loom
25:21 Feudal Age
25:49 Double-Bit Axe
26:00 Horse Collar
26:57 Town Watch
27:48 Wheelbarrow
32:06 Castle Age
33:01 Bow Saw
33:00 Heavy Plow
35:46 Medium Warships
40:55 Gold Mining
42:19 Fletching
43:13 Bodkin Arrow
46:44 Imperial Age
45:02 Masonry
45:22 Hand Cart
47:46 Ballistics
47:33 Siege Engineers
48:01 Architecture
47:52 Ballistics
47:25 Sappers
48:13 Onager
49:32 Siege Onager
Connection lost

Rejoining the realm…

Still unreachable

The connection could not be restored.

Session expired

The server has moved on; the page needs a fresh start.